 Dungeon Crawl Stone Soup version 0.30.1-11-g7821555f0a (webtiles) character file.

Game seed: 525687775715067315

3977 pkoi the Martial Artist (level 10, -17/74 HPs)
             Began as a Yellow Draconian Monk on Nov 9, 2023.
             Was a Believer of Hepliaklqana.
             Demolished by a two-headed ogre
             ... wielding a +0 giant spiked club
              (19 damage)
             ... on level 9 of the Dungeon.
             The game lasted 00:10:36 (7864 turns).

pkoi the Martial Artist (Yellow Draconian Monk)     Turns: 7864, Time: 00:10:36

Health: -17/74     AC: 16    Str: 13    XL:     10   Next: 2%
Magic:  13/13      EV: 14    Int: 20    God:    Hepliaklqana [**....]
Gold:   436        SH:  0    Dex: 15    Spells: 8/9 levels left

rFire   . . .        r - +6 quarterstaff of Excruciating Pain {elec, *Rage rC++ Int+6}
rCold   + + .        (shield currently unavailable)
rNeg    . . .        (body armour unavailable)
rPois   .            (helmet restricted)
rElec   .            (no cloak)
rCorr   +            (no gloves)
SInv    .            A - +0 pair of boots
Will    .....        (no amulet)
Stlth   +            t - +4 ring of protection
HPRegen 0.32/turn    n - +4 ring of protection
MPRegen 0.13/turn

%: random rage (20%)
@: on berserk cooldown
A: reduced essence, spit acid, AC +7, unfitting armour, cold-blooded, acid
resistance
a: Breathe Acid, Renounce Religion, Recall Ancestor, Ancestor Identity


You were on level 9 of the Dungeon.
You worshipped Hepliaklqana.
Hepliaklqana was pleased with you.
You visited 2 branches of the dungeon, and saw 10 of its levels.

You collected 597 gold pieces.
You spent 161 gold pieces at shops.

Inventory:

Hand Weapons
 g - a +3 dagger
 k - a +1 whip of venom
 l - a +5 dagger
 r - the +6 quarterstaff of Excruciating Pain (weapon) {elec, *Rage rC++ Int+6}
   (You found it on level 5 of the Dungeon)

   Int:       It affects your intelligence (+6).
   rC:        It greatly protects you from cold.
   *Rage:     It berserks you when you make melee attacks (+20% chance).
Missiles
 e - 31 poisoned darts (quivered)
 x - a curare-tipped dart
Armour
 b - an orb of light
 s - a +1 buckler
 A - a +0 pair of boots (worn)
Jewellery
 f - a ring of protection from cold
 n - a +4 ring of protection (right hand)
 t - a +4 ring of protection (left hand)
Wands
 o - a wand of quicksilver (13)
 q - a wand of iceblast (20)
 v - a wand of charming (31)
Scrolls
 c - a scroll of amnesia
 h - 3 scrolls of teleportation
 i - 7 scrolls of identify
 y - a scroll of enchant armour
 z - a scroll of magic mapping
 C - 2 scrolls of enchant weapon
 D - a scroll of summoning
Potions
 a - 2 potions of ambrosia
 d - 3 potions of curing
 j - 3 potions of lignification
 m - 2 potions of haste
 p - 2 potions of invisibility
 u - a potion of degeneration {unknown}
 w - 4 potions of heal wounds
 B - a potion of magic {unknown}


   Skills:
 - Level 6.0 Fighting
 + Level 5.2 Dodging
 + Level 11.7 Unarmed Combat
 + Level 5.2 Invocations
 + Level 3.0 Evocations


You had 8 spell levels left.
You knew the following spells:

 Your Spells              Type           Power      Damage    Failure   Level
a - Apportation           Tloc           0%         N/A       19%         1

Your spell library contained the following spells:

 Spells                   Type           Power      Damage    Failure   Level
 Necrotise                Necr           0%         1d4       19%         1
 Slow                     Hex            0%         N/A       19%         1
 Summon Small Mammal      Summ           0%         N/A       19%         1
 Blink                    Tloc           0%         N/A       28%         2
 Ensorcelled Hibernation  Hex/Ice        0%         N/A       28%         2
 Lesser Beckoning         Tloc           0%         N/A       28%         2
 Momentum Strike          Conj/Tloc      0%         3d8       28%         2
 Confusing Touch          Hex            0%         N/A       50%         3
 Dazzling Flash           Conj/Hex       0%         N/A       50%         3
 Portal Projectile        Hex/Tloc       0%         N/A       50%         3
 Spider Form              Tmut/Pois      0%         N/A       50%         3
 Tukima's Dance           Hex            0%         N/A       50%         3
 Vampiric Draining        Necr           0%         2d6       50%         3
 Volatile Blastmotes      Fire/Tloc      0%         2d10      50%         3
 Anguish                  Hex/Necr       0%         N/A       88%         4
 Iskenderun's Mystic Bla  Conj/Tloc      0%         2d3       88%         4
 Petrify                  Tmut/Erth      0%         N/A       88%         4
 Blade Hands              Tmut           0%         N/A       99%         5
 Metabolic Englaciation   Hex/Ice        0%         N/A       99%         5
 Starburst                Conj/Fire      0%         6d3       100%        6
 Statue Form              Tmut/Erth      0%         N/A       100%        6


Dungeon Overview and Level Annotations

Branches:
Dungeon (9/15)             Temple (1/1) D:7             Orc (0/2) D:9
   Lair: D:8-11

Altars:
Ashenzari
Cheibriados
Dithmenos
Elyvilon
Fedhas
Gozag
Hepliaklqana
Kikubaaqudgha
Makhleb
Nemelex Xobeh
Okawaru
Qazlal
Ru
Sif Muna
Trog
Uskayaw
Wu Jian
Xom
Yredelemnul
Zin
The Shining One

Shops:
D:5 (=   D:7 ?

Annotations:
D:3 1 runed translucent door, Crazy Yiuf
D:5 2 transporters
D:8 1 runed translucent door


Innate Abilities, Weirdness & Mutations

Your life essence is reduced to manifest your ancestor. (-10% HP)
You can spit globs of acid.
Your golden yellow scales are hard. (AC +7)
You cannot fit into any form of body armour.
You are cold-blooded and may be slowed by cold attacks.
You are resistant to acid. (rCorr)


Message History

You climb downwards.
The warg bites you but does no damage.
The two-headed ogre hits you with a +0 giant spiked club!!
The two-headed ogre hits you but does no damage.
The warg bites you.
There is a stone staircase leading up, spattered with blood here.
Unknown command.
Unknown command.
You sock the two-headed ogre!
The two-headed ogre is lightly wounded.
The warg closely misses you.
Ulric misses the warg.
The two-headed ogre closely misses you. x2; The warg closely misses you.
Ulric casts a spell at the warg.
The warg easily resists.
Unknown command.
You sock the two-headed ogre!
The two-headed ogre is moderately wounded.
The warg closely misses you.
Ulric hits the warg with a +0 dagger of draining.
The two-headed ogre hits you with a +0 giant spiked club!!
* * * LOW HITPOINT WARNING * * *
The two-headed ogre misses you. The warg closely misses you.
Ulric hits the warg with a +0 dagger of draining.
You hit the two-headed ogre.
Your tail-slap misses the two-headed ogre.
The two-headed ogre is heavily wounded.
Ulric hits the warg with a +0 dagger of draining!
Ulric drains the warg.
The warg bites Ulric.
Ulric hits the warg with a +0 dagger of draining!
The two-headed ogre closely misses you.
The two-headed ogre hits you with a +0 giant spiked club!
* * * LOW HITPOINT WARNING * * *
Ulric closely misses the warg.
The warg closely misses Ulric.
You barely miss the two-headed ogre. You tail-slap the two-headed ogre.
The two-headed ogre is heavily wounded.
Ulric hits the warg with a +0 dagger of draining!
The warg dies!
The two-headed ogre hits you with a +0 giant spiked club!
* * * LOW HITPOINT WARNING * * *
The two-headed ogre hits you with a +0 giant spiked club!!
You die...

..#.#.. .......
#..).# #....# .....
####.# #....# ...
####..
#!...#######.#
#.)...
#....)....##)#
##.##.
######.....##.#
#.##.
......'........####
#.##.
#######....R..)...#
#.#.. #...O@......#
#.###
#####.......######.#
#....).....).#.#
#..............#
#.....)......###
########.....#
#.....# #....(#
#######


You could see the friendly Ulric the hexer and a two-headed ogre (ally target).

Vanquished Creatures
  A shadow (D:8)
  4 yaks
  2 wargs (D:9)
  A black bear (D:5)
  An orc warrior (D:9)
  A sky beast (D:7)
  A centaur (D:9)
  2 kobold brigands
  A gnoll sergeant (D:9)
  2 scorpions
  8 wights
  5 killer bees
  6 hounds
  An orc priest (D:8)
  2 iguanas
  2 jellies (D:5)
  3 sleepcaps
  Jessica (D:2)
  4 orc wizards
  Terence (D:3)
  6 adders
  5 gnolls
  2 white imps
  2 ufetubi
  2 worms
  2 dart slugs (D:1)
  16 orcs
  10 ball pythons
  4 endoplasms
  2 giant cockroaches
  11 goblins
  3 hobgoblins (D:2)
  7 jackals
  4 quokkas
  3 bats
  2 frilled lizards
  A goblin skeleton (D:8)
  13 kobolds
  A kobold skeleton (D:8)
  5 rats
150 creatures vanquished.

Vanquished Creatures (collateral kills)
  Joseph (D:7)
  2 wargs (D:9)
  An ice beast (D:8)
  A kobold brigand (D:7)
  3 bullfrogs
  2 killer bees (D:9)
  A sleepcap (D:7)
  An orc wizard (D:8)
  2 gnolls (D:9)
  2 orcs (D:8)
  3 kobolds
19 creatures vanquished.

Vanquished Creatures (others)
  2 hexers (D:9)
2 creatures vanquished.

Grand Total: 171 creatures vanquished

Notes
Turn   | Place    | Note
-------+----------+-------------------------------------------
     0 | D:1      | pkoi the Draconian Monk began the quest for the Orb.
     0 | D:1      | Reached XP level 1. HP: 19/19 MP: 1/1
   254 | D:1      | Reached XP level 2. HP: 16/26 MP: 2/2
   398 | D:1      | Reached skill level 4 in Unarmed Combat
   734 | D:2      | Reached XP level 3. HP: 23/31 MP: 3/3
  1280 | D:2      | Reached XP level 4. HP: 38/38 MP: 4/4
  1296 | D:2      | Reached skill level 5 in Unarmed Combat
  1578 | D:2      | Noticed Jessica
  1583 | D:2      | Killed Jessica
  1709 | D:3      | Noticed Terence
  1727 | D:3      | Killed Terence
  1728 | D:3      | Reached XP level 5. HP: 29/45 MP: 5/5
  1733 | D:3      | Reached skill level 6 in Unarmed Combat
  2100 | D:3      | Found a runed translucent door.
  2101 | D:3      | Noticed Crazy Yiuf
  2567 | D:3      | Reached XP level 6. HP: 12/51 MP: 6/6
  2881 | D:4      | Reached skill level 7 in Unarmed Combat
  3745 | D:5      | Entered Level 5 of the Dungeon
  3745 | D:5      | Found a transporter.
  3746 | D:5      | Found Fanagud's Jewellery Shoppe.
  3748 | D:5      | Found a transporter.
  3868 | D:5      | Reached skill level 8 in Unarmed Combat
  3935 | D:5      | Your scales start taking on a golden yellow colour.
  3935 | D:5      | Reached XP level 7. HP: 40/57 MP: 7/7
  3935 | D:5      | Gained mutation: You are resistant to acid. (rCorr) [Yellow
                  | Draconian growth]
  4025 | D:5      | Noticed a yak
  4038 | D:5      | Killed a yak
  4380 | D:5      | Found Vefer's Antique Weapon Boutique.
  4444 | D:5      | Identified the +6 quarterstaff of Excruciating Pain {elec,
                  | *Rage rC++ Int+6}
  5066 | D:6      | Found a sparkling altar of Nemelex Xobeh.
  5186 | D:6      | Reached skill level 5 in Fighting
  5205 | D:6      | Reached skill level 9 in Unarmed Combat
  5208 | D:6      | Reached XP level 8. HP: 69/69 MP: 8/8
  5430 | D:7      | Found a stormy altar of Qazlal.
  5589 | D:7      | Found a staircase to the Ecumenical Temple.
  5750 | Temple   | Entered the Ecumenical Temple
  5890 | Temple   | Became a worshipper of Hepliaklqana the Forgotten
  5890 | Temple   | Reached * piety under Hepliaklqana
  5890 | Temple   | Reached ** piety under Hepliaklqana
  5891 | Temple   | Remembered your ancestor Ulric as a hexer
  5969 | D:7      | Noticed Joseph
  5980 | D:7      | Killed Joseph
  5981 | D:7      | Reached skill level 10 in Unarmed Combat
  6217 | D:7      | Found a glowing silver altar of Zin.
  6477 | D:7      | Reached skill level 1 in Invocations
  6535 | D:7      | Reached XP level 9. HP: 57/67 MP: 10/10
  6537 | D:7      | Learned a level 1 spell: Apportation
  6567 | D:7      | Found Mahitouk's Magic Scroll Shop.
  6574 | D:7      | Bought a scroll of fear for 56 gold pieces
  6574 | D:7      | Bought a scroll of magic mapping for 105 gold pieces
  6845 | D:8      | Reached skill level 11 in Unarmed Combat
  6909 | D:8      | Found a runed translucent door.
  6945 | D:8      | Found a basalt altar of Yredelemnul.
  7197 | D:8      | Found a shadowy altar of Dithmenos.
  7224 | D:8      | Found a shimmering blue altar of Sif Muna.
  7405 | D:9      | Found a staircase to the Orcish Mines.
  7413 | D:9      | Reached skill level 1 in Evocations
  7416 | D:9      | Noticed a two-headed ogre
  7724 | D:9      | Reached skill level 5 in Dodging
  7739 | D:8      | Reached skill level 5 in Invocations
  7832 | D:8      | Reached XP level 10. HP: 74/74 MP: 13/13
  7864 | D:9      | HP: 2/74 [two-headed ogre/+0 giant spiked club (11)]
  7864 | D:9      | Demolished by a two-headed ogre

Illustrated notes

Levels and vault maps discovered:
D:1:      dpeg_arrival_castle, layout_loops_ring, minmay_misc_feat_columns,
          hex_large
D:2:      layout_loops_ring, uniq_jessica
D:3:      layout_basic, uniq_crazy_yiuf_cottage, uniq_terence
D:4:      layout_cave_pods
D:5:      layout_basic, serial_shops, nicolae_shop_drivethru, shop,
          minmay_small_thing
D:6:      layout_basic, lemuel_crystal_altar, grunt_decor_one_mirror
D:7:      layout_loops_corners, nicolae_qazlal_general_emergency, zin_statuary,
          minmay_temple_entry_antechambers, serial_shops, shop, uniq_joseph
D:8:      layout_rooms, dk_yredelemnul_ordeal, mainiacjoe_overflow_swirl
D:9:      layout_basic, marbit_many_paths, minmay_orc_entry_guard_dogs
Temple:   regret_index_temple_waves

Skill      XL: |  1  2  3  4  5  6  7  8  9 |
---------------+----------------------------+-----
Unarmed Combat | 4 5 6 8 9 10 11 | 11.7
Fighting       | 5 6 |  6.0
Dodging        | 3 5 |  5.2
Invocations    | 2 5 |  5.2
Evocations     | 3 |  3.0

Action                     |  1- 3 |  4- 6 |  7- 9 | 10-12 || total
---------------------------+-------+-------+-------+-------++-------
  Melee: Unarmed           |    88 |   163 |    23 |       ||   274
         Tailslap          |    17 |    30 |    24 |     1 ||    72
         Quarterstaff      |       |       |   169 |     4 ||   173
 Invoke: Ancestor Life: He |       |       |     1 |       ||     1
         Ancestor Identity |       |       |     1 |       ||     1
Ability: Breathe Acid      |       |       |     1 |       ||     1
  Evoke: Wand              |       |     1 |     1 |       ||     2
    Use: Scroll            |       |       |    15 |       ||    15
         Potion            |       |       |     1 |       ||     1
   Stab: Distracted        |       |       |     3 |       ||     3
         Confused          |       |       |     3 |       ||     3
         Sleeping          |       |       |     1 |       ||     1
 Armour: Skin              |    25 |    60 |    83 |     2 ||   170
  Dodge: Dodged            |    70 |    78 |   153 |     8 ||   309
